 Dungeon Crawl Stone Soup version 0.28.0-62-gf88900778d (webtiles) character file.

Game seed: 14094015869630500004

7329 Coron the Protected (level 10, -5/91 HPs)
             Began as a Deep Dwarf Artificer on Mar 25, 2023.
             Was a High Priest of Hepliaklqana.
             Slain by an orc warrior
             ... wielding a +0 trident
              (12 damage)
             ... on level 9 of the Dungeon.
             The game lasted 00:39:45 (6500 turns).

Coron the Protected (Deep Dwarf Artificer)          Turns: 6500, Time: 00:39:46

Health: -5/91      AC: 20    Str: 19    XL:     10   Next: 90%
Magic:  7/7        EV:  8    Int: 13    God:    Hepliaklqana [*****.]
Gold:   441        SH: 11    Dex: 19    Spells: 9/9 levels left

rFire   . . .      SeeInvis .   J - +1 demon whip (freeze)
rCold   . . .      Faith    .   n - +0 buckler
rNeg    . . .      Spirit   .   v - +0 chain mail
rPois   .          Reflect  +   s - +0 helmet
rElec   .          Harm     .   I - +2 cloak
rCorr   .          Rampage  .   (no gloves)
Will    +....                   (no boots)
Stlth   ..........              g - amulet of reflection
HPRegen 0.00/turn               o - +4 ring of protection
MPRegen 0.10/turn               G - +6 ring of dexterity

@: no status effects
A: reduced essence, damage resistance, heal wounds, sense surroundings 2, no
regeneration
a: Heal Wounds, Renounce Religion, Recall Ancestor, Ancestor Identity,
Transference, Idealise


You were on level 9 of the Dungeon.
You worshipped Hepliaklqana.
Hepliaklqana was extremely pleased with you.
You visited 2 branches of the dungeon, and saw 10 of its levels.

You collected 441 gold pieces.

Inventory:

Hand Weapons
 a - a +0 club
 h - a +0 scimitar of flaming
 j - a +2 hand axe of venom
 y - a +0 hand crossbow
 J - a +1 demon whip of freezing (weapon)
Missiles
 b - 5 atropa-tipped darts
 l - 2 silver javelins
 q - 27 poisoned darts (quivered)
 A - 63 bolts
 K - a curare-tipped dart
 M - 2 throwing nets
Armour
 n - a +0 buckler (worn)
 s - a +0 helmet (worn)
 v - a +0 chain mail (worn)
 D - a +0 plate armour
 I - a +2 cloak (worn)
Jewellery
 f - a ring of flight
 g - an amulet of reflection (around neck)
 o - a +4 ring of protection (left hand)
 E - a ring of ice
 G - a +6 ring of dexterity (right hand)
Wands
 c - a wand of flame (6)
 d - a wand of charming (15)
 B - a wand of digging (5)
 F - a wand of paralysis (9)
 O - a wand of iceblast (8)
Scrolls
 i - a scroll of summoning {unknown}
 k - a scroll of magic mapping {unknown}
 p - 2 scrolls of fog
 r - a scroll of acquirement {unknown}
 w - 3 scrolls of teleportation
 H - 2 scrolls of fear
Potions
 m - a potion of mutation
 t - 3 potions of curing
 u - a potion of might
 x - 2 potions of invisibility
 z - a potion of lignification
 C - a potion of resistance
 L - a potion of attraction {unknown}
 P - a potion of brilliance {unknown}
Miscellaneous
 e - a piece from Xom's chessboard (15/15)
 N - a phantom mirror


   Skills:
 + Level 9.9 Fighting
 - Level 8.0 Axes
 - Level 10.0 Armour
 - Level 2.0 Dodging
 - Level 2.0 Stealth
 - Level 5.0 Shields
 - Level 6.0 Evocations


You had 9 spell levels left.
You didn't know any spells.
Your spell library contained the following spells:

 Spells                   Type           Power      Damage    Failure   Level
 Shock                    Conj/Air       0%         1d3       97%         1
 Sting                    Tmut/Pois      0%         1d3       97%         1
 Poisonous Vapours        Pois/Air       0%         N/A       99%         2
 Gell's Gravitas          Tloc           0%         N/A       100%        3
 Swiftness                Air            0%         N/A       100%        3
 Teleport Other           Tloc           0%         N/A       100%        3
 Tukima's Dance           Hex            0%         N/A       100%        3
 Airstrike                Air            0%         N/A       100%        4
 Olgreb's Toxic Radiance  Pois           0%         N/A       100%        4
 Passage of Golubria      Tloc           0%         N/A       100%        4
 Yara's Violent Unravell  Hex/Tmut       0%         3d3       100%        5
 Dispersal                Tloc           0%         N/A       100%        6


Dungeon Overview and Level Annotations

Branches:
Dungeon (9/15)             Temple (1/1) D:4            Lair (0/6) D:9
    Orc (0/2) D:9

Altars:
Ashenzari
Cheibriados
Dithmenos
Elyvilon
Fedhas
Gozag
Hepliaklqana
Kikubaaqudgha
Makhleb
Nemelex Xobeh
Okawaru
Qazlal
Ru
Sif Muna
Trog
Uskayaw
Vehumet
Wu Jian
Xom
Yredelemnul
Zin
The Shining One

Shops:
D:2 [   D:5 (


Innate Abilities, Weirdness & Mutations

Your life essence is reduced to manifest your ancestor. (-10% HP)
You are resistant to damage.
You can heal yourself by infusing magical energy.
You passively map the area around you.
You do not regenerate.


Message History

The yak is heavily wounded.
You whack the yak! You freeze the yak.
The yak is almost dead.
The yak gores you.
* * * LOW HITPOINT WARNING * * *
You hit the yak. You freeze the yak.
You kill the yak!
Your magical essence is drained by the effort!
You feel much better.
The orc priest invokes the aid of Beogh against you.
Beogh smites you!
* * * LOW HITPOINT WARNING * * *
The yak closely misses you.
You hit the yak. You freeze the yak.
The yak is lightly wounded.
The yak gores you.
* * * LOW HITPOINT WARNING * * *
You hit the yak. You freeze the yak.
The yak is moderately wounded.
You block the orc warrior's attack. The yak gores you!
* * * LOW HITPOINT WARNING * * *
You whack the yak! You freeze the yak.
The yak is severely wounded.
The orc warrior hits you from afar with a +0 trident.
The yak gores you but does no damage.
You hit the yak. You freeze the yak.
The yak is severely wounded.
You block the orc warrior's attack. The yak gores you but does no damage.
You barely miss the yak.
The yak is severely wounded.
The orc warrior hits you from afar with a +0 trident.
* * * LOW HITPOINT WARNING * * *
The yak gores you.
* * * LOW HITPOINT WARNING * * *
You whack the yak! You freeze the yak.
You kill the yak!
The orc warrior hits you from afar with a +0 trident.
* * * LOW HITPOINT WARNING * * *
The orc warrior hits you with a +0 trident!
You die...

#...............##.#
#####...
#...............##+###
#...
#....................#
#...
#...(...)............#
, .
#####................#
#....)...........# , ,
#....)...........#
##...#######.....# *
####...###oYo@†....#
#..........o##.....#
#...........######## *
#...........#### ,, ,
#..............# * ,*
#.......Y...##.# , , *
##...........# # , ,*
#............# , *, ,
#..............# * *


You could see a yak, an orc warrior, an orc priest and an orc.

Vanquished Creatures
  Erica (D:8)
  Sigmund (D:6)
  A wyvern (D:8)
  14 yaks
  Menkaure (D:4)
  An orc warrior (D:7)
  2 ice beasts (D:6)
  A black bear (D:8)
  A centaur (D:8)
  Blork the orc (D:5)
  2 kobold brigands (D:8)
  A bullfrog (D:9)
  2 scorpions
  A wight (D:6)
  A hound (D:6)
  5 orc priests
  3 orc wizards
  A hound skeleton (D:4)
  A howler monkey zombie (D:9)
  Robin (D:3)
  6 gnolls
  5 adders
  2 white imps (D:7)
  4 dart slugs
  13 orcs
  7 ball pythons
  7 bats
  8 endoplasms
  2 giant cockroaches
  14 goblins
  6 hobgoblins
  2 jackals (D:3)
  9 kobolds
  4 quokkas
  4 frilled lizards
  5 rats
140 creatures vanquished.

Vanquished Creatures (collateral kills)
  A hornet (D:7)
  6 yaks
  A human (D:7)
  2 hogs (D:7)
  An orc warrior (D:8)
  A sky beast (D:8)
  2 centaurs (D:6)
  2 ogres (D:5)
  A phantom (D:5)
  A kobold brigand (D:9)
  3 bullfrogs
  3 wights (D:6)
  A howler monkey (D:6)
  3 centaur zombies
  A jelly (D:6)
  2 orc priests
  A hound (D:5)
  4 orc wizards
  An iguana (D:6)
  A gnoll (D:4)
  3 adders
  2 shadow imps
  A white imp (D:7)
  3 dart slugs
  10 orcs
  2 bats
  2 endoplasms
  A giant cockroach (D:3)
  3 goblins
  2 jackals (D:4)
  A ball python (D:2)
  8 kobolds
76 creatures vanquished.

Vanquished Creatures (others)
  6 battlemagi
  13 fungi (D:9)
19 creatures vanquished.

Grand Total: 235 creatures vanquished

Notes
Turn   | Place    | Note
-------+----------+-------------------------------------------
     0 | D:1      | Coron the Deep Dwarf Artificer began the quest for the Orb.
     0 | D:1      | Reached XP level 1. HP: 16/16 MP: 1/1
    19 | D:1      | Reached skill level 1 in Fighting
   113 | D:1      | Reached XP level 2. HP: 18/25 MP: 2/2
   670 | D:1      | Found a faded altar of an unknown god.
   680 | D:1      | Prayed at the altar of an unknown god.
   680 | D:1      | Became a worshipper of Hepliaklqana the Forgotten
   680 | D:1      | Reached * piety under Hepliaklqana
   876 | D:2      | Reached skill level 1 in Axes
   876 | D:2      | Reached XP level 3. HP: 27/27 MP: 2/2
   930 | D:2      | Reached skill level 3 in Armour
  1100 | D:2      | Found Biusch's Antique Armour Emporium.
  1164 | D:2      | Reached XP level 4. HP: 33/35 MP: 3/3
  1496 | D:3      | Noticed Robin
  1518 | D:3      | Killed Robin
  1564 | D:3      | Reached ** piety under Hepliaklqana
  1565 | D:3      | Remembered your ancestor Charlie as a battlemage
  2047 | D:4      | Noticed Menkaure
  2048 | D:4      | Reached XP level 5. HP: 40/44 MP: 3/3
  2055 | D:4      | Killed Menkaure
  2056 | D:4      | Reached skill level 4 in Armour
  2056 | D:4      | Reached XP level 6. HP: 22/51 MP: 4/4
  2183 | D:4      | Found a staircase to the Ecumenical Temple.
  2200 | Temple   | Entered the Ecumenical Temple
  2455 | D:4      | Reached *** piety under Hepliaklqana
  2611 | D:5      | Entered Level 5 of the Dungeon
  2883 | D:5      | Reached XP level 7. HP: 48/57 MP: 5/5
  2986 | D:5      | Reached skill level 5 in Armour
  3210 | D:5      | Noticed Blork the orc
  3214 | D:5      | Killed Blork the orc
  3223 | D:5      | Found Kotous's Firing Range.
  3259 | D:5      | Reached skill level 6 in Armour
  3417 | D:5      | Found a stormy altar of Qazlal.
  3601 | D:6      | Reached skill level 5 in Fighting
  3606 | D:6      | Reached **** piety under Hepliaklqana
  3661 | D:6      | Reached XP level 8. HP: 56/66 MP: 6/6
  3769 | D:6      | Noticed Sigmund
  3777 | D:6      | Killed Sigmund
  3875 | D:6      | Reached skill level 5 in Axes
  4146 | D:6      | Reached skill level 7 in Armour
  4522 | D:7      | Gained mutation: You passively map the area around you.
                  | [Deep Dwarf growth]
  4522 | D:7      | Reached XP level 9. HP: 56/77 MP: 7/7
  4527 | D:7      | Reached skill level 8 in Armour
  4700 | D:7      | Found a white marble altar of Elyvilon.
  5134 | D:8      | Noticed Erica
  5258 | D:8      | Killed Erica
  5259 | D:8      | Reached skill level 5 in Shields
  5373 | D:8      | Reached XP level 10. HP: 29/86 MP: 8/8
  5546 | D:8      | Reached skill level 9 in Armour
  5553 | D:8      | Found a shimmering altar of Xom.
  5555 | D:8      | Found a shimmering altar of Xom.
  5557 | D:8      | Found a shimmering altar of Xom.
  5619 | D:8      | Reached skill level 5 in Evocations
  5648 | D:8      | Found a glowing silver altar of Zin.
  5698 | D:8      | Found a radiant altar of Vehumet.
  5739 | D:8      | Found a sparkling altar of Nemelex Xobeh.
  5742 | D:8      | Found an ancient bone altar of Kikubaaqudgha.
  6027 | D:8      | Found a shimmering altar of Xom.
  6095 | D:9      | Reached ***** piety under Hepliaklqana
  6145 | D:9      | Found a staircase to the Lair.
  6198 | D:9      | Reached skill level 10 in Armour
  6234 | D:9      | Found a broken altar of Ashenzari.
  6465 | D:9      | Found an ornate altar of the Wu Jian Council.
  6500 | D:9      | Slain by an orc warrior

Illustrated notes

Levels and vault maps discovered:
D:1:      lightli_arrival_flooded_house, layout_loops_ring,
          hellmonk_ecumenical_altar_zigzags
D:2:      layout_basic, serial_shops, nicolae_shop_competitors_out_of_business,
          minmay_tetromino_t2
D:3:      layout_basic, uniq_robin
D:4:      layout_cave_pools, minmay_temple_entry_antechambers, uniq_menkaure
D:5:      layout_gridville, mainiacjoe_overflow_24_doors,
          nicolae_shop_firing_range, uniq_blork_the_orc
D:6:      layout_basic, uniq_sigmund
D:7:      layout_loops_cross, elyvilon_altar_4, grunt_livestock,
          ebering_dispersal_statue_hall, item_on_display_a
D:8:      layout_loops_ring, general_overflow_altar,
          mainiacjoe_overflow_surrounded_room, xom_redecorated,
          jmf_multi_god_temple, corexii_hall_statues_l, uniq_erica
D:9:      layout_basic, old_standard_altar, mainiacjoe_overflow_cross_hatched,
          lair_entry_dummy, orc_0_dummy
Temple:   nicolae_temple_god_jail

Skill      XL: |  1  2  3  4  5  6  7  8  9 10 |
---------------+-------------------------------+-----
Fighting       | 1 3 4 5 7 8 9 |  9.9
Stealth        | 2 |  2.0
Dodging        | 2 |  2.0
Axes           | 1 2 3 4 5 8 |  8.0
Armour         | 3 4 6 7 8 10 | 10.0
Shields        | 3 4 5 |  5.0
Evocations     | 6 |  6.0

Action                   |  1- 3 |  4- 6 |  7- 9 | 10-12 || total
-------------------------+-------+-------+-------+-------++-------
Melee: Club              |    46 |       |       |       ||    46
       Punch             |     3 |       |       |       ||     3
       Hand axe          |    55 |    79 |    98 |    57 ||   289
       Demon whip        |       |       |       |    80 ||    80
Throw: Dart              |       |     9 |    10 |       ||    19
       Javelin           |       |     3 |     1 |       ||     4
Invok: Ancestor Identity |     1 |       |       |       ||     1
       Ancestor Life: Ba |       |     1 |       |       ||     1
       Recall Ancestor   |       |       |     1 |       ||     1
 Abil: Heal Wounds       |     2 |     3 |     4 |     3 ||    12
Evoke: Wand              |     1 |     1 |    17 |     3 ||    22
  Use: Scroll            |       |     3 |     9 |     3 ||    15
       Potion            |       |       |     2 |     1 ||     3
 Stab: Sleeping          |     3 |       |       |       ||     3
       Distracted        |       |     1 |     1 |     1 ||     3
       Paralysed         |       |       |     1 |       ||     1
Armor: Leather armour    |    26 |       |       |       ||    26
       Ring mail         |     6 |    34 |    27 |       ||    67
       Chain mail        |       |       |     4 |    38 ||    42
Dodge: Dodged            |    67 |    47 |    45 |    29 ||   188
Block: Buckler           |       |       |    27 |    54 ||    81
       Reflection        |       |       |       |     4 ||     4
